cohdb
Replays
Latest Replays
All Replays
Popular Replays
Top Player Replays
Match Explorer
How It Works
Community
CoH3 Stats
Reddit
Sign in to upload your games and track your stats! →
Sign in with Steam
Match 39843538
Unlisted
Match 39843538
Overview
Messages
Build Orders
End
Construct Infanterie Kompanie
MG 42 Machine Gun Team
Grenadier Squad
GrW 34 Mortar Team
Construct Panzergrenadier Kompanie
Panzergrenadier Squad
Support Elements
Selects Terror Battlegroup
Selects Terror Battlegroup
Selects Terror Battlegroup
Selects Contempt for the Weak
Nebelwerfer 42 Rocket Launcher Team
MG 42 Bunker
Pioneer Squad
StuG III G Assault Gun
Side Skirts
Selects Heavy Gunnery
Selects Machine Gun Camouflage
Selects No Quarter
MG 42 Bunker
Construct Panzer Kompanie
Forward Retreat Point
Medical Bunker
Stoßtruppen Squad
MG 42 Bunker
Panzer Officer Quarters
Panzergrenadier Officer Quarters
MG 42 Bunker
MG 42 Bunker
Selects King Tiger Heavy Tank
King Tiger Heavy Tank
Keos
Oncle-Hô
sbeu
Solomon_Gnida
☜☆☞★ Herkul ★☜☆☞
SimiBest
Eroles
nesquik_official
0
0
Comments
sign in to comment!
No comments posted yet!